 Dungeon Crawl Stone Soup version 0.19.5 (webtiles) character file.

465 Wander the Shooter (level 7, 0/48 HPs)
             Began as a Human Wanderer on Apr 1, 2017.
             Slain by an iguana (4 damage)
             ... on level 4 of the Dungeon.
             The game lasted 00:08:43 (4064 turns).

Wander the Shooter (Human Wanderer)                 Turns: 4064, Time: 00:08:44

Health: 0/48       AC:  9    Str: 15    XL:     7   Next: 29%
Magic:  7/7        EV:  7    Int: 10    God:
Gold:   147        SH:  0    Dex: 14    Spells: 0 memorised, 6 levels left

rFire  + . .     SeeInvis .     t - +0 falchion
rCold  . . .     Gourm    .     h - +0 chain mail
rNeg   . . .     Faith    .     (no shield)
rPois  .         Spirit   .     (no helmet)
rElec  .         Reflect  .     o - +0 cloak
rCorr  .         Harm     .     (no gloves)
MR     .....                    (no boots)
Stlth  ..........               (no amulet)
                                (no ring)
                                v - ring of protection from fire

@: no status effects
A: no striking features
a: no special abilities


You were on level 4 of the Dungeon.
You were very hungry.

You visited 1 branch of the dungeon, and saw 4 of its levels.

You collected 147 gold pieces.

Inventory:

Hand Weapons
 a - a +2 shortbow
 f - a +0 dagger
 t - a +0 falchion (weapon)
Missiles
 b - 17 arrows
Armour
 d - a +0 shield
 e - a +0 robe
 h - a +0 chain mail (worn)
 m - a +2 buckler of positive energy
 o - a +0 cloak (worn)
Jewellery
 v - a ring of protection from fire (left hand)
Scrolls
 c - 2 scrolls of teleportation
 i - 2 scrolls of enchant weapon
 j - 6 scrolls of remove curse {unknown}
 k - 2 scrolls of magic mapping {unknown}
 l - a scroll of recharging
 n - 2 scrolls of blinking {unknown}
 u - a scroll of fog {unknown}
 x - 2 scrolls of identify
 y - a scroll of fear {unknown}
 B - a scroll of noise {unknown}
Potions
 q - 4 potions of curing
 r - a potion of degeneration
 z - a potion of heal wounds {unknown}
 A - a potion of might {unknown}
Comestibles
 g - 2 bread rations
 p - 2 meat rations
 s - 2 slices of pizza
 w - a beef jerky


   Skills:
 - Level 1.0 Fighting
 - Level 3.2 Long Blades
 + Level 5.8 Bows
 - Level 1.0 Throwing
 - Level 2.0 Armour
 - Level 1.4 Dodging
 - Level 2.0 Stealth
 - Level 2.1 Shields


You had 6 spell levels left.
You didn't know any spells.

Dungeon Overview and Level Annotations

Branches:
Dungeon (4/15)
 Temple: D:4-7

Altars:
Ashenzari
Makhleb
Nemelex Xobeh

Annotations:
D:2 Sigmund


Message History

You hit the iguana.
The iguana is severely wounded.
The bullfrog skeleton hits you but does no damage.
The iguana bites you!
* * * LOW HITPOINT WARNING * * *
The bullfrog skeleton hits you.
* * * LOW HITPOINT WARNING * * *
You are too injured to fight recklessly!
You hit the bullfrog skeleton.
The bullfrog skeleton is moderately damaged.
The iguana bites you but does no damage.
The bullfrog skeleton hits you but does no damage.
You hit the bullfrog skeleton.
The bullfrog skeleton is heavily damaged.
The bullfrog skeleton barely misses you.
The iguana bites you but does no damage.
The bullfrog skeleton hits you.
* * * LOW HITPOINT WARNING * * *
The iguana bites you.
You die...

#...... .# ## #.
##..#### ..##.. ######..
..## # ...#.. ......#
..# ...... #....# #.##
%.....# #...# #..#
.##.... #...####..##
......l## #..........##
......Z@# #......##...
........#####..########.
####..#........# ##
#.###.###...## # # #..
##.# ##...# . .... #..#
##..## .. .....##.##
##..####... .##.....##
##.......#.
...#####.#####..####..#


You could see an iguana and a bullfrog skeleton.

Vanquished Creatures
  An ogre (D:4)
  A phantom (D:3)
  An orc priest (D:4)
  An orc wizard (D:4)
  A worker ant (D:3)
  A hound skeleton (D:4)
  9 adders
  3 worms
  A dart slug (D:1)
  4 leopard geckos (D:3)
  16 orcs
  4 giant cockroaches
  6 goblins
  7 hobgoblins
  A jackal (D:3)
  6 kobolds
  3 quokkas
  2 ball pythons (D:2)
  13 bats
  7 frilled lizards
  7 rats
95 creatures vanquished.

Notes
Turn   | Place    | Note
-------+----------+-------------------------------------------
     0 | D:1      | Wander the Human Wanderer began the quest for the Orb.
     0 | D:1      | Wander set off with: a +2 shortbow, 26 arrows, a scroll of teleportation, a +0 shield, a +0 robe, a +0 dagger, a bread ration
     0 | D:1      | Reached XP level 1. HP: 15/15 MP: 1/1
   154 | D:1      | Reached XP level 2. HP: 20/21 MP: 2/2
   457 | D:2      | Reached skill level 3 in Bows
   462 | D:2      | Found a sparkling altar of Nemelex Xobeh.
   542 | D:2      | Reached XP level 3. HP: 26/26 MP: 3/3
   661 | D:2      | Found a burning altar of Makhleb.
   661 | D:2      | Noticed a blizzard demon
   794 | D:2      | Reached XP level 4. HP: 32/32 MP: 4/4
   893 | D:2      | Reached skill level 4 in Bows
  1233 | D:2      | Noticed Sigmund
  1427 | D:3      | Found a shattered altar of Ashenzari.
  1747 | D:3      | Reached XP level 5. HP: 37/37 MP: 5/5
  2640 | D:3      | Noticed a phantom
  2717 | D:3      | Killed a phantom
  2717 | D:3      | Reached XP level 6. HP: 7/43 MP: 6/6
  3634 | D:4      | Noticed an ogre
  3642 | D:4      | Killed an ogre
  3642 | D:4      | Reached skill level 5 in Bows
  3642 | D:4      | Reached XP level 7. HP: 30/48 MP: 7/7
  4064 | D:4      | Slain by an iguana

Skill      XL: |  1  2  3  4  5  6 |
---------------+-------------------+-----
Bows           | 3 4 5 |  5.8
Long Blades    | 3 |  3.2
Armour         | 2 |  2.0
Shields        | 2 |  2.1
Fighting       | |  1.0
Throwing       | |  1.0
Dodging        | |  1.4
Stealth        | |  2.0

Action                   |  1- 3 |  4- 6 |  7- 9 || total
-------------------------+-------+-------+-------++-------
Melee: Falchion          |       |   197 |    19 ||   216
 Fire: Shortbow          |    82 |   122 |    22 ||   226
  Use: Scroll            |     4 |       |       ||     4
  Eat: Chunk             |       |     9 |       ||     9
Armor: Chain mail        |    16 |   169 |    18 ||   203
Dodge: Dodged            |     9 |    78 |    10 ||    97
Block: Buckler           |       |    61 |       ||    61
       Rpst.: Falchion   |       |    19 |     2 ||    21
